AoeStats
← beneath mariana

Nomad

506603436Analyzed
4v4 RM · 17d ago on Sep 14, 2026· 42m 27s· 8 players
Game mode
Random Map
Map size
231×231
Population
200
Speed
Normal
Resources
Standard
Victory
Conquest
Starting age
Dark Age
Ending age
Imperial Age
RankedLock teamsTeams togetherTeam positionsShared explorationLock speedFull tech treeHidden civsTurbo modeCheats
Victory
Defeat
🇨🇳 Italians · China
1460
+10
🇨🇳 Vikings · China
1453
+10
🇩🇪 Slavs · Germany
1432
+11
🇺🇦 Spanish · Ukraine
1409
+12
🇹🇼 Italians · Taiwan
1377
-13
🇹🇼 Sicilians · Taiwan
1355
-12
🇭🇰 Mongols · Hong Kong SAR China
1276
-9
🇭🇰 Khmer · Hong Kong SAR China
1271
-9
chengyenfa
4:40 Loom
5:21 Loom
14:11 Feudal Age
15:46 Town Watch
15:47 Double-Bit Axe
16:16 Fletching
19:20 Wheelbarrow
23:53 Castle Age
22:26 Stone Mining
22:27 Gold Mining
22:49 Fishing Lines
24:33 Bodkin Arrow
23:59 Crossbowman
24:41 Padded Archer Armor
33:45 Stone Shaft Mining
36:49 Imperial Age
36:24 Horse Collar
40:32 Bracer
LuLALa
2:59 Loom
14:56 Feudal Age
19:39 Castle Age
17:25 Double-Bit Axe
19:32 Fletching
21:22 Bow Saw
24:30 Bodkin Arrow
26:33 Horse Collar
30:42 Imperial Age
31:15 Gold Mining
31:17 Stone Mining
32:53 Chemistry
32:14 Ballistics
32:09 Elite Skirmisher
32:40 Treadmill Crane
33:59 Bracer
33:59 Padded Archer Armor
34:42 Scale Barding Armor
34:39 Capped Ram
37:28 Leather Archer Armor
37:34 Chain Barding Armor
37:59 Husbandry
38:10 Bloodlines
37:51 Light Cavalry
虫
5:09 Loom
12:31 Feudal Age
14:48 Fishing Lines
20:41 Castle Age
20:10 Town Watch
26:34 Double-Bit Axe
27:40 Bow Saw
32:18 Wheelbarrow
32:00 Stone Mining
32:00 Gold Mining
34:40 Stone Shaft Mining
34:41 Gold Shaft Mining
La.Reina.de.Once
3:20 Loom
13:07 Feudal Age
17:33 Castle Age
18:42 Double-Bit Axe
20:03 Horse Collar
20:40 Bow Saw
21:31 Heavy Plow
25:51 Stone Mining
25:53 Gold Mining
27:45 Wheelbarrow
26:56 Town Watch
29:02 Scale Barding Armor
29:16 Hand Cart
28:53 Fletching
29:03 Padded Archer Armor
32:02 Imperial Age
30:12 Stone Shaft Mining
30:12 Gold Shaft Mining
29:40 Bodkin Arrow
30:42 Leather Archer Armor
31:50 Bloodlines
31:40 Husbandry
31:46 Scale Barding Armor
31:50 Thumb Ring
32:07 Ballistics
33:16 Conscription
33:01 Bracer
35:48 Chemistry
36:09 Conscription
36:09 Drill
35:12 Elite Mangudai
36:04 Elite Mangudai
37:05 Conscription
37:22 Hoardings
36:59 Masonry
37:18 Parthian Tactics
38:41 Murder Holes
38:13 Light Cavalry
40:02 Chain Barding Armor
39:52 Forging
Fox
11:35 Loom
15:01 Feudal Age
19:52 Castle Age
18:38 Double-Bit Axe
21:59 Gold Mining
35:19 Imperial Age
33:54 Padded Archer Armor
36:02 Leather Archer Armor
36:28 Wheelbarrow
39:48 Ring Archer Armor
41:07 Fletching
41:49 Conscription
42:00 Conscription
42:55 Bodkin Arrow
tH_cept
4:56 Loom
13:55 Feudal Age
牛比无极限
8:52 Loom
15:01 Feudal Age
18:58 Castle Age
18:38 Double-Bit Axe
25:39 Imperial Age
25:02 Wheelbarrow
24:40 Bow Saw
26:22 Hand Cart
27:01 Conscription
26:35 Gold Mining
29:34 Fletching
30:17 Ballistics
31:10 Bodkin Arrow
34:31 Chemistry
36:03 Bracer
37:00 Elite Genoese Crossbowman
38:06 Bracer
38:06 Padded Archer Armor
39:17 Elite Genoese Crossbowman
beneath mariana
6:24 Loom
15:21 Feudal Age
16:02 Double-Bit Axe
16:56 Man-at-Arms
21:03 Castle Age
19:28 Scale Mail Armor
20:12 Arson
21:04 Forging
21:32 Long Swordsman
23:08 Gold Mining
23:38 Chain Mail Armor
23:57 Bow Saw
25:55 Iron Casting
26:18 Fletching
26:46 Town Watch
27:15 Bodkin Arrow
31:33 Imperial Age
30:32 Horse Collar
31:08 Squires
32:59 Plate Mail Armor
32:59 Conscription
33:15 Bracer
33:40 Padded Archer Armor
35:02 Blast Furnace
35:20 Leather Archer Armor
35:09 Elite Berserk
36:06 Elite Skirmisher
41:58 Ring Archer Armor
44:05 Two-Man Saw
Connection lost

Rejoining the realm…

Still unreachable

The connection could not be restored.

Session expired

The server has moved on; the page needs a fresh start.